 Dungeon Crawl Stone Soup version 0.21-a0-518-g43a1781 (webtiles) character file.

46 4thArraOfDagon the Skirmisher (level 3, -2/33 HPs)
             Began as a Minotaur Abyssal Knight on Dec 4, 2017.
             Was a Follower of Lugonu.
             Succumbed to a worker ant's poison
             ... on level 6 of the Dungeon.
             The game lasted 00:02:08 (636 turns).

4thArraOfDagon the Skirmisher (MiAK)                 Turns: 636, Time: 00:02:08

Health: -2/33      AC:  5    Str: 16    XL:     3   Next: 46%
Magic:  3/3        EV: 11    Int: 10    God:    Lugonu [*.....]
Gold:   47         SH:  0    Dex:  9    Spells: 2/2 levels left

rFire    . . .     SeeInvis .   a - +1 hand axe
rCold    . . .     Gourm    .   (no shield)
rNeg     . . .     Faith    .   f - +0 ring mail
rPois    .         Spirit   .   (helmet restricted)
rElec    .         Reflect  .   (no cloak)
rCorr    .         Harm     .   (no gloves)
MR       .....     Rnd*Tele +   (no boots)
Stlth    ..........             (no amulet)
HPRegen  0.11/turn              d - ring of teleportation (curse)
MPRegen  0.08/turn              (no ring)

@: lethally poisoned (-2 -> -37)
A: retaliatory headbutt, horns 2
a: Depart the Abyss, Renounce Religion


You were on level 6 of the Dungeon.
You worshipped Lugonu.
Lugonu was aware of your devotion.
You were not hungry.

You visited 1 branch of the dungeon, and saw 6 of its levels.
You visited the Abyss 1 time.

You collected 47 gold pieces.

Inventory:

Hand Weapons
 a - a +1 hand axe (weapon)
Armour
 b - a +0 leather armour
 f - a +0 ring mail (worn)
Jewellery
 d - a cursed ring of teleportation (left hand)
Scrolls
 e - 2 scrolls of teleportation {unknown}
 g - a scroll of identify {unknown}
 h - a scroll of fear {unknown}
 k - a scroll of remove curse {unknown}
 l - a scroll of random uselessness {unknown}
Potions
 i - 2 potions of curing {unknown}
 n - a potion of magic
 o - a potion of mutation {unknown}
 q - a potion of flight {unknown}
 r - a potion of degeneration {unknown}
Comestibles
 c - 2 bread rations
 m - a fruit
 p - a meat ration


   Skills:
 + Level 4.0 Fighting
 * Level 3.4 Axes
 + Level 2.9 Armour
 + Level 1.8 Dodging
 + Level 2.2 Invocations


You had 2 spell levels left.
You didn't know any spells.

Dungeon Overview and Level Annotations

Branches:
Dungeon (6/15)             Temple (0/1) D:6

Altars:
Ashenzari
Dithmenos
Okawaru
Qazlal

Annotations:
D:4 Eustachio


Innate Abilities, Weirdness & Mutations

You reflexively headbutt those who attack you in melee.
You have a pair of horns on your head.


Message History

Lugonu accepts your kill.
Your Fighting skill increases to level 4!
You have reached level 3!
Your experience leads to an increase in your attributes!
Increase (S)trength, (I)ntelligence, or (D)exterity?
You feel clever.
You feel sick. The worker ant misses you.
Unknown command.
It was a potion of magic.
Magic courses through your body.
* * * LOW HITPOINT WARNING * * *
You feel sick. The worker ant bites you.
* * * LOW HITPOINT WARNING * * *
You are more poisoned.
The worker ant poisons you! The worker ant bites you.
* * * LOW HITPOINT WARNING * * *
You are more poisoned.
The worker ant poisons you!
A giant cockroach comes into view.
It was a potion of cancellation.
You feel magically purged.
You die...

###...
#####....# .
......## #. .
....[.##... #.
.........#
#.##.##.........
......#.†......#
.......a@...##
..⌠..#<.....#
... #......... >
..#..#....
.###...##.. ..
..... . ..
...(.. ...
..s..# .## ....


You could see a worker ant and a giant cockroach (wandering).

Vanquished Creatures
  A worker ant (D:6)
  An ooze (D:3)
  2 leopard geckos
  A giant cockroach (D:3)
  3 goblins (D:2)
  3 hobgoblins
  A jackal (D:2)
  A ball python (D:2)
  2 bats
  2 frilled lizards
  A rat (D:2)
18 creatures vanquished.

Notes
Turn   | Place    | Note
-------+----------+-------------------------------------------
     0 | Abyss:1  | 4thArraOfDagon the Minotaur Abyssal Knight began the quest for the Orb.
     0 | Abyss:1  | Reached XP level 1. HP: 19/19 MP: 1/1
    61 | Abyss:1  | Noticed a hellwing
    86 | Abyss:1  | Noticed a neqoxec
    89 | Abyss:1  | Noticed a frost giant zombie
    89 | Abyss:1  | Noticed an ice devil
   111 | Abyss:1  | Noticed a basilisk
   117 | D:1      | Escaped the Abyss
   292 | D:2      | Found a shattered altar of Ashenzari.
   341 | D:2      | Reached XP level 2. HP: 15/27 MP: 2/2
   401 | D:2      | Found a stormy altar of Qazlal.
   464 | D:3      | Reached * piety under Lugonu
   470 | D:3      | Found an iron altar of Okawaru.
   540 | D:4      | Noticed Eustachio
   551 | D:5      | Entered Level 5 of the Dungeon
   551 | D:5      | Found a shadowy altar of Dithmenos.
   595 | D:5      | Noticed an ogre
   626 | D:6      | Found a staircase to the Ecumenical Temple.
   634 | D:6      | Reached skill level 4 in Fighting
   634 | D:6      | Reached XP level 3. HP: 10/33 MP: 3/3
   635 | D:6      | HP: 1/33 [worker ant (5)]
   636 | D:6      | Succumbed to a worker ant's poison

Vault maps used:
D:1:      dpeg_arrival_water_temple_mockup
D:2:      lemuel_upstairs_altar, nicolae_ashenzari_panopticon,
          overflow_temple_1_default, st_stairs_6, minmay_bisected
D:3:      okawaru_trees_2
D:4:      serial_shops, shop, uniq_eustachio
D:5:      grunt_dithmenos_smoke, lemuel_round_altar, first_bread, uniq_duvessa
D:6:      nicolae_overflow_hidden_temple, minmay_temple_entry_large_hall,
          trog_ov_bears_minmay, uniq_grinder, uniq_prince_ribbit1

Skill      XL: |  1  2 |
---------------+-------+-----
Invocations    | 2 |  2.2
Axes           | 3 |  3.4
Fighting       | 4 |  4.0
Armour         | |  2.9
Dodging        | |  1.8

Action                   || total
-------------------------++-------
Melee: Hand axe          ||    38
       Headbutt          ||     2
Invok: Depart the Abyss  ||     1
  Use: Potion            ||     2
Armor: Ring mail         ||    16
Dodge: Dodged            ||    28

Table legend:
 A = Spawn XP
 B = Non-spawn XP
 C = Spawn XP percentage of total XP
 D = Spawn monster count
 E = Non-spawn monster count
 F = Spawn count percentage of total count
 G = Total turns spent on level
                    A         B        C        D         E        F      G
               +---------+---------+-------+---------+---------+-------+---------
         Total |       0 |      67 |   0.0 |       0 |      18 |   0.0 |   636
               +---------+---------+-------+---------+---------+-------+---------
           D:1 |       0 |       4 |   0.0 |       0 |       2 |   0.0 |   146
           D:2 |       0 |      14 |   0.0 |       0 |       9 |   0.0 |   171
           D:3 |       0 |      16 |   0.0 |       0 |       6 |   0.0 |    90
           D:6 |       0 |      33 |   0.0 |       0 |       1 |   0.0 |    11
               +---------+---------+-------+---------+---------+-------+---------
